AoeStats
← [PSCH] R!ce

African Clearing

506678469Analyzed
3v3 RM · 18d ago on Sep 14, 2026· 34m 23s· 6 players
Game mode
Random Map
Map size
Normal (6 player)
Population
200
Speed
Normal
Resources
Standard
Victory
Conquest
Starting age
Dark Age
Ending age
Imperial Age
RankedLock teamsTeams togetherTeam positionsShared explorationLock speedFull tech treeHidden civsTurbo modeCheats
Victory
Defeat
🇨🇭 Vietnamese · Switzerland
1446
+14
🇨🇭 Gurjaras · Switzerland
1404
+15
🇨🇭 Berbers · Switzerland
1328
+18
🇫🇮 Magyars · Finland
1392
-16
🇫🇮 Franks · Finland
1387
-16
🇫🇮 Byzantines · Finland
1380
-15
OzPoz
8:48 Loom
14:18 Feudal Age
18:32 Castle Age
16:33 Double-Bit Axe
17:51 Scale Barding Armor
18:30 Forging
26:41 Iron Casting
27:15 Husbandry
28:30 Horse Collar
30:50 Chain Barding Armor
Santa
10:00 Loom
12:25 Feudal Age
13:03 Double-Bit Axe
16:55 Fletching
19:25 Wheelbarrow
23:58 Castle Age
22:30 Padded Archer Armor
23:47 Horse Collar
23:58 Crossbowman
24:34 Bodkin Arrow
26:12 Bow Saw
26:32 Ballistics
28:57 Leather Archer Armor
eelis
4:55 Loom
11:47 Feudal Age
19:32 Castle Age
23:24 Wheelbarrow
22:35 Town Watch
27:52 Hand Cart
32:08 Double-Bit Axe
32:21 Gold Mining
[PSCH] Girithron
12:10 Loom
13:56 Feudal Age
18:21 Castle Age
16:12 Double-Bit Axe
19:46 Fletching
21:16 Bow Saw
24:39 Padded Archer Armor
27:22 Leather Archer Armor
30:08 Horse Collar
33:26 Bodkin Arrow
[PSCH] R!ce
9:53 Loom
12:27 Feudal Age
14:48 Double-Bit Axe
17:58 Fletching
25:04 Castle Age
25:29 Padded Archer Armor
25:11 Crossbowman
25:48 Bodkin Arrow
28:44 Ballistics
30:15 Leather Archer Armor
[PSCH] wolverito
7:01 Loom
7:04 Loom
13:39 Feudal Age
15:46 Double-Bit Axe
19:02 Castle Age
18:31 Scale Barding Armor
19:04 Forging
19:45 Bloodlines
20:05 Town Watch
24:34 Fletching
25:21 Iron Casting
25:56 Chain Barding Armor
29:49 Horse Collar
30:20 Bow Saw
32:20 Husbandry
32:53 Redemption
Connection lost

Rejoining the realm…

Still unreachable

The connection could not be restored.

Session expired

The server has moved on; the page needs a fresh start.